 Dungeon Crawl Stone Soup version 0.17-a0-1399-gd5b76e1 (webtiles) character file.

119 Hanyuu the Insei (level 5, -3/33 HPs)
             Began as an Octopode Transmuter on June 18, 2015.
             Was a Follower of Makhleb.
             Killed by divine providence
             ... invoked by an orc priest
              (12 damage)
             ... on level 3 of the Dungeon.
             The game lasted 00:04:16 (2327 turns).

Hanyuu the Insei (Octopode Transmuter)              Turns: 2327, Time: 00:04:17

Health: -3/33      AC:  2    Str:  9    XL:     5   Next: 3%
Magic:  0/8        EV: 20    Int: 16    God:    Makhleb [*.....]
Gold:   124        SH:  0    Dex: 18    Spells: 3 memorised, 2 levels left

rFire  . . .     SeeInvis .       - Unarmed
rCold  . . .     Clarity  .     (shield currently unavailable)
rNeg   . . .     SustAt   .     (helmet currently unavailable)
rPois  x         Gourm    .     (no amulet)
rElec  .         Spirit   .     (no ring)
rCorr  .         Warding  .     (no ring)
rMut   .         Stasis   .     (no ring)
MR     .....                    (no ring)
Stlth  ++........               (no ring)
                                (no ring)
                                (no ring)
                                (no ring)

@: spider-form (expiring), very slightly contaminated, not resistant to hostile
enchantments, unstealthy
A: almost no armour, amphibious, 8 rings, (constrict 8), (camouflage 0),
(gelatinous body 0)
a: End Transformation, Renounce Religion


You were on level 3 of the Dungeon.
You worshipped Makhleb.
Makhleb was aware of your devotion.
You were not hungry.
You were a venomous arachnid creature.
You visited 1 branch of the dungeon, and saw 3 of its levels.

You collected 124 gold pieces.

Inventory:

Missiles
 a - 12 arrows
 e - 4 tomahawks of returning (quivered)
Scrolls
 f - a scroll of noise {unknown}
 i - a scroll of amnesia {unknown}
 j - 4 scrolls of identify {unknown}
 l - a scroll of remove curse {unknown}
 m - a scroll of enchant weapon {unknown}
Potions
 d - a potion of brilliance {unknown}
 h - 2 potions of lignification {unknown}
Books
 b - a book of Changes

   Spells                             Type                      Level
   a - Beastly Appendage              Transmutation                1
   b - Sticks to Snakes               Transmutation                2
   c - Spider Form                    Transmutation/Poison         3
   d - Ice Form                       Ice/Transmutation            4
   e - Blade Hands                    Transmutation                5
Comestibles
 c - 2 bread rations
 g - 4 chunks of flesh
 k - a meat ration


   Skills:
 - Level 1.0 Fighting
 - Level 2.0 Dodging
 + Level 5.3 Unarmed Combat
 - Level 2.0 Spellcasting
 + Level 2.4 Transmutations


You had 2 spell levels left.
You knew the following spells:

 Your Spells              Type           Power        Failure   Level  Hunger
a - Beastly Appendage     Trmt           #.....       24%         1    #......
b - Sticks to Snakes      Trmt           #.........   32%         2    ###....
c - Spider Form           Trmt/Pois      #.........   61%         3    ###....


Dungeon Overview and Level Annotations

Branches:
Dungeon (3/15)

Altars:
Gozag
Makhleb
Okawaru
Xom


Innate Abilities, Weirdness & Mutations

You cannot wear most types of armour.
You are amphibious.
You can wear up to eight rings at the same time.
((You can use your tentacles to constrict eight enemies at once.))
((Your skin changes colour to match your surroundings (Stealth).))
((Your rubbery body absorbs attacks (AC +1).))


Message History

You turn into a venomous arachnid creature.
The orc closely misses you.
You hit the orc.
The orc is heavily wounded.
The orc misses you.
You hit the orc.
The orc is almost dead.
The orc priest calls upon Beogh to heal the orc.
The orc is healed somewhat.
You hit the orc.
The orc is poisoned.
The orc is severely wounded.
The orc closely misses you.
You bite the orc!
You kill the orc!
Makhleb accepts your kill.
The orc priest looks braver.
Your transformation is almost over.
The orc priest mumbles some strange prayers to Beogh against you.
Something smites you!
You die...

####+####......#.#...# #
####.# #######.#.#...####
...... ..........+.......
o.....########...#.......
.................#.......
....!..########...##.##..
..............##..##.####
....<...o.....##..##.#
..######s#†.....†.##.#
#.#.........#.#
#.#.......#>..#
#.#.......#####
#.#####...# ..# ....# ###
.....+ ......#


You could see an orc priest.

Vanquished Creatures
  2 gnolls (D:3)
  An adder (D:2)
  2 oozes
  3 worms (D:2)
  9 orcs (D:3)
  4 giant cockroaches
  A goblin (D:2)
  6 hobgoblins
  12 jackals
  6 kobolds
  7 bats
  A giant newt (D:1)
  2 quokkas (D:3)
  7 rats
63 creatures vanquished.

Notes
Turn   | Place    | Note
--------------------------------------------------------------
     0 | D:1      | Hanyuu the Octopode Transmuter began the quest for the Orb.
     0 | D:1      | Reached XP level 1. HP: 13/13 MP: 3/3
    14 | D:1      | Found an iron altar of Okawaru.
   271 | D:1      | Reached XP level 2. HP: 5/18 MP: 5/5
   746 | D:1      | Reached skill level 4 in Unarmed Combat
   961 | D:2      | Reached XP level 3. HP: 2/23 MP: 6/6
   963 | D:2      | HP: 1/23 [poisoned by an adder]
  1073 | D:2      | Learned a level 2 spell: Sticks to Snakes
  1077 | D:2      | Learned a level 3 spell: Spider Form
  1515 | D:2      | Reached XP level 4. HP: 20/28 MP: 7/7
  1591 | D:2      | Found a burning altar of Makhleb.
  1591 | D:2      | Found a shimmering altar of Xom.
  1599 | D:2      | Became a worshipper of Makhleb the Destroyer
  1763 | D:3      | Found an opulent altar of Gozag.
  1902 | D:3      | Reached skill level 5 in Unarmed Combat
  2289 | D:3      | Acquired Makhleb's first power
  2314 | D:3      | Reached XP level 5. HP: 29/33 MP: 5/8
  2327 | D:3      | Killed from afar by an orc priest

Vault maps used:
D:1:      ncdulo_lavacross, okawaru_ov_weapons_minmay
D:2:      amethyst_overflow_temple_binary, kennysheep_another_room
D:3:      lemuel_castle_with_subvaults, nicolae_ru_path_of_blood,
          grunt_gozag_breadcrumbs, minmay_fountain_box, patterned_corridor

Action                   |  1- 3 |  4- 6 || total
-------------------------+-------+-------++-------
Melee: Unarmed           |    93 |    58 ||   151
 Cast: Beastly Appendage |     2 |       ||     2
       Spider Form       |       |     5 ||     5
  Use: Potion            |     4 |       ||     4
 Stab: Sleeping          |     4 |     1 ||     5
       Distracted        |       |     1 ||     1
  Eat: Chunk             |     1 |     4 ||     5
